 Dungeon Crawl Stone Soup version 0.26-a0-224-g2964c8c (webtiles) character file.

Game seed: 5421951602351520004

1366 pmoppi the Tainter (level 8, -1/54 HPs)
             Began as an Octopode Venom Mage on July 6, 2020.
             Was an Initiate of Gozag.
             Killed from afar by Harold (25 damage)
             ... with a bolt of acid
             ... on level 7 of the Dungeon.
             The game lasted 00:13:58 (8870 turns).

pmoppi the Tainter (Octopode Venom Mage)            Turns: 8870, Time: 00:13:59

Health: -1/54      AC:  1    Str:  7    XL:     8   Next: 65%
Magic:  2/14       EV: 12    Int: 19    God:    Gozag
Gold:   452        SH:  0    Dex: 13    Spells: 1/15 levels left

rFire    . . .     SeeInvis .   f - +1 hand axe
rCold    . . .     Faith    .   l - +0 buckler
rNeg     . . .     Spirit   .   (helmet restricted)
rPois    +         Reflect  .   (no amulet)
rElec    .         Harm     .   a - +4 ring of protection
rCorr    .                      b - ring of wizardry
MR       .....                  p - ring of wizardry
Stlth    +++.......             o - +4 ring of evasion
HPRegen  0.18/turn              u - ring of poison resistance
MPRegen  0.14/turn              (no ring)
                                (no ring)
                                (no ring)

@: corroded, held
A: almost no armour, stealthy swim, amphibious, 8 rings, constrict 8, camouflage
1, gelatinous body 1
a: Potion Petition, Call Merchant, Bribe Branch, Renounce Religion


You were on level 7 of the Dungeon.
You worshipped Gozag.
Gozag was aware of your devotion.
You were hungry.

You visited 2 branches of the dungeon, and saw 8 of its levels.

You collected 514 gold pieces.
You paid 62 gold pieces to Gozag.

Inventory:

Hand Weapons
 f - a +1 hand axe (weapon)
Armour
 l - a +0 buckler (worn)
Jewellery
 a - a +4 ring of protection (left tentacle)
 b - a ring of wizardry (right tentacle)
 o - a +4 ring of evasion (on tentacle)
 p - a ring of wizardry (on tentacle)
 u - a ring of poison resistance (on tentacle)
 y - an uncursed ring of wizardry
Wands
 x - a wand of iceblast (20)
Scrolls
 e - a scroll of immolation
 g - 2 scrolls of fog
 j - 2 scrolls of blinking
 k - 3 scrolls of remove curse
 n - 6 scrolls of teleportation
 s - 2 scrolls of identify
 A - a scroll of enchant armour {unknown}
Potions
 c - a potion of might
 d - a potion of magic {unknown}
 h - 2 potions of curing
 i - 4 potions of mutation
 m - a potion of resistance {unknown}
 q - 3 potions of stabbing
 r - a potion of haste {unknown}
 v - a potion of invisibility {unknown}
 w - a potion of lignification {unknown}
 z - a potion of degeneration {unknown}
Comestibles
 t - 6 rations


   Skills:
 + Level 3.8 Fighting
 + Level 4.5 Dodging
 - Level 2.6 Stealth
 + Level 1.8 Shields
 + Level 4.1 Spellcasting
 - Level 1.0 Transmutations
 + Level 1.4 Fire Magic
 - Level 3.0 Air Magic
 * Level 8.0 Poison Magic


You had one spell level left.
You knew the following spells:

 Your Spells              Type           Power        Failure   Level
a - Sting                 Tmut/Pois      ###.         1%          1
b - Poisonous Vapours     Pois/Air       ###...       1%          2
c - Olgreb's Toxic Radia  Pois           ####....     1%          4
d - Ignite Poison         Fire/Tmut/Pois ###.....     3%          3
e - Fulminant Prism       Conj/Hex       #.........   41%         4

Your spell library contained the following spells:

 Spells                   Type           Power        Failure   Level
 Magic Dart               Conj           #...         5%          1
 Mephitic Cloud           Conj/Pois/Air  ###.....     3%          3
 Searing Ray              Conj           #.....       7%          2
 Dazzling Flash           Conj/Hex       #.....       14%         3
 Iskenderun's Mystic Bla  Conj/Tloc      #.......     41%         4


Dungeon Overview and Level Annotations

Branches:
Dungeon (7/15)             Temple (1/1) D:5

Altars:
Ashenzari
Cheibriados
Dithmenos
Elyvilon
Fedhas
Gozag
Hepliaklqana
Kikubaaqudgha
Makhleb
Nemelex Xobeh
Okawaru
Qazlal
Ru
Sif Muna
Trog
Uskayaw
Vehumet
Wu Jian
Xom
Yredelemnul
Zin
The Shining One

Annotations:
D:5 1 runed translucent door, Turner1's ghost, novice HuFi
D:7 Harold


Innate Abilities, Weirdness & Mutations

You cannot wear most types of armour.
You are very stealthy in the water. (Stealth+)
You are amphibious.
You can wear up to eight rings at the same time.
You can use your tentacles to constrict eight enemies at once.
Your skin changes colour to match your surroundings (Stealth+).
Your rubbery body absorbs attacks. (AC +1, EV +1)


Message History

Harold is engulfed in poison gas.
Harold looks as sick as possible!
Casting: Poisonous Vapours (safe; 1% risk of failure)
Confirm with . or Enter, or press ? or * to list all spells.
Aiming: Poisonous Vapours (safe; 1% risk of failure)
Press: ? - help, Dir - move target cursor, f/p - Harold
Aim: Harold, wielding a +2 short sword of holy wrath, wearing a +4 ring mail of cold resistance and carrying a wand of acid (10) (moderately wounded, extremely poisoned) Poisonous vapours surround Harold!
You are feeling hungry.
Harold looks as sick as possible!
Casting: Poisonous Vapours (safe; 1% risk of failure)
Confirm with . or Enter, or press ? or * to list all spells.
Aiming: Poisonous Vapours (safe; 1% risk of failure)
Press: ? - help, Dir - move target cursor, f/p - Harold
Aim: Harold, wielding a +2 short sword of holy wrath, wearing a +4 ring mail of cold resistance and carrying a wand of acid (10) (moderately wounded, extremely poisoned) Poisonous vapours surround Harold!
Harold is engulfed in poison gas.
Harold looks as sick as possible!
Harold zaps a wand.
The bolt of acid hits you! The acid corrodes you!
You are splashed with acid!
You struggle against the net.
Harold zaps a wand.
The bolt of acid hits you!!
You die...
Your body crumbles into a pile of gold.

#.# #.# #.#
#@# #.#
##.# #..#
#.@# #..#
#..# #..#
########..#
#....<....#
#.#######.#
#.#.......#
#.#.####..#


You could see Harold (extremely poisoned).

Vanquished Creatures
  Edmund (D:5)
  A water moccasin (D:5)
  An ice beast (D:6)
  A sky beast (D:6)
  2 ogres
  A black bear (D:6)
  A centaur (D:5)
  A bullfrog (D:6)
  A howler monkey (D:5)
  A bullfrog zombie (D:5)
  A hound (D:5)
  3 bullfrog skeletons
  A gnoll shaman (D:4)
  2 worker ants (D:5)
  A hound skeleton (D:6)
  7 gnolls
  A worker ant zombie (D:5)
  11 adders
  A white imp (D:5)
  An ufetubus (D:6)
  2 oozes
  An adder skeleton (D:5)
  2 worms
  5 dart slugs
  2 leopard geckos
  5 orcs (D:5)
  5 giant cockroaches
  8 goblins
  7 hobgoblins
  4 jackals (D:1)
  6 kobolds
  4 quokkas
  A ball python (D:5)
  9 bats
  5 frilled lizards
  A leopard gecko zombie (D:5)
  8 rats
115 creatures vanquished.

Notes
Turn   | Place    | Note
-------+----------+-------------------------------------------
     0 | D:1      | pmoppi the Octopode Venom Mage began the quest for the Orb.
     0 | D:1      | Reached XP level 1. HP: 11/11 MP: 3/3
   172 | D:1      | Reached XP level 2. HP: 17/18 MP: 0/5
   190 | D:1      | Reached skill level 4 in Poison Magic
   406 | D:1      | Learned a level 2 spell: Poisonous Vapours
   644 | D:1      | Reached XP level 3. HP: 15/22 MP: 6/6
   648 | D:1      | Reached skill level 1 in Fighting
  1437 | D:1      | You fall into a shaft and drop 1 floor!
  1665 | D:2      | Reached XP level 4. HP: 27/28 MP: 0/7
  2154 | D:2      | You fall into a shaft and drop 2 floors!
  2184 | D:4      | Reached skill level 1 in Air Magic
  2370 | D:4      | HP: 1/28 [gnoll/+0 club (7)]
  2372 | D:4      | Reached XP level 5. HP: 2/33 MP: 0/8
  2612 | D:4      | Reached skill level 5 in Poison Magic
  2809 | D:4      | Learned a level 4 spell: Olgreb's Toxic Radiance
  3969 | D:3      | Noticed an ogre
  3978 | D:3      | Killed an ogre
  3978 | D:3      | Reached XP level 6. HP: 39/39 MP: 1/10
  4703 | D:3      | Found an ornate altar of the Wu Jian Council.
  5132 | D:4      | Found a snail-covered altar of Cheibriados.
  5409 | D:5      | Entered Level 5 of the Dungeon
  5522 | D:5      | Noticed a water moccasin
  5536 | D:5      | Killed a water moccasin
  5536 | D:5      | Reached skill level 6 in Poison Magic
  5536 | D:5      | Reached XP level 7. HP: 21/45 MP: 5/11
  6081 | D:5      | Learned a level 3 spell: Ignite Poison
  6101 | D:5      | Noticed Edmund
  6114 | D:5      | Killed Edmund
  6216 | D:5      | Found a staircase to the Ecumenical Temple.
  6253 | Temple   | Entered the Ecumenical Temple
  6441 | Temple   | Became a worshipper of Gozag Ym Sagoz the Greedy
  6596 | D:5      | Reached skill level 7 in Poison Magic
  7103 | D:5      | Reached XP level 8. HP: 52/52 MP: 2/13
  7421 | D:5      | Found a runed translucent door.
  7421 | D:5      | Noticed Turner1's ghost (novice HuFi)
  7649 | D:5      | Found a sacrificial altar of Ru.
  7741 | D:6      | Reached skill level 1 in Shields
  7865 | D:6      | Found a sparkling altar of Nemelex Xobeh.
  8113 | D:6      | Reached skill level 1 in Fire Magic
  8595 | D:6      | Learned a level 4 spell: Fulminant Prism
  8603 | D:6      | Reached skill level 8 in Poison Magic
  8864 | D:7      | Noticed Harold
  8870 | D:7      | Killed from afar by Harold

Illustrated notes

Levels and vault maps discovered:
D:1:      dpeg_arrival_rooms_with_view, layout_basic
D:2:      layout_basic, minmay_tetromino_i4
D:3:      layout_basic, lemuel_doored_altar
D:4:      layout_gridville, cheibriados_altar_1
D:5:      layout_basic, marbit_many_paths, minmay_temple_entry_tees,
          first_ration, gammafunk_ghost_grave, kennysheep_generic_room_11,
          uniq_edmund
D:6:      layout_gridville, nemelex_xobeh_ov_fountains_minmay
D:7:      layout_basic, grunt_livestock, chequers_serial_rivers_room_b,
          elyvilon_altar_5, uniq_pikel, uniq_menkaure, uniq_harold
Temple:   eino_narrow_crystal_temple

Skill      XL: |  1  2  3  4  5  6  7  8 |
---------------+-------------------------+-----
Poison Magic   | 4 5 6 7 8 |  8.0
Fighting       | 1 2 3 |  3.8
Air Magic      | 1 2 3 |  3.0
Dodging        | 3 4 |  4.5
Spellcasting   | 3 4 |  4.1
Shields        | 1 |  1.8
Fire Magic     | 1 |  1.4
Stealth        | |  2.6
Transmutations | |  1.0

Action                   |  1- 3 |  4- 6 |  7- 9 || total
-------------------------+-------+-------+-------++-------
Melee: Unarmed           |    17 |       |       ||    17
       Hand axe          |    25 |    55 |    62 ||   142
       Constrict         |     8 |    16 |    15 ||    39
       Tentacles         |     2 |    11 |    18 ||    31
 Cast: Sting             |    12 |     8 |     5 ||    25
       Poisonous Vapours |    19 |    67 |    51 ||   137
       Olgreb's Toxic Ra |       |       |     6 ||     6
       Ignite Poison     |       |       |     5 ||     5
  Use: Scroll            |       |    12 |     1 ||    13
 Stab: Sleeping          |     1 |     1 |     1 ||     3
       Distracted        |       |       |     2 ||     2
  Eat: Ration            |     1 |     3 |     3 ||     7
Armor: Skin              |    12 |     1 |     5 ||    18
Dodge: Dodged            |    54 |    44 |    52 ||   150

Table legend:
 A = Non-vault XP
 B = Vault XP
 C = Vault XP percentage of total XP
 D = Non-vault monster count
 E = Vault monster count
 F = Vault count percentage of total count
                 A         B        C        D         E       F
            +---------+---------+-------+---------+---------+-------
      Total |    1755 |     197 |  10.1 |     109 |       6 |   5.2
            +---------+---------+-------+---------+---------+-------
        D:1 |      51 |       4 |   7.3 |      29 |       2 |   6.5
        D:2 |      46 |      29 |  38.7 |      16 |       3 |  15.8
        D:3 |     208 |       0 |   0.0 |      15 |       0 |   0.0
        D:4 |     138 |       0 |   0.0 |      11 |       0 |   0.0
        D:5 |     695 |     164 |  19.1 |      24 |       1 |   4.0
        D:6 |     617 |       0 |   0.0 |      14 |       0 |   0.0
            +---------+---------+-------+---------+---------+-------
